 Dungeon Crawl Stone Soup version 0.31-a0-1308-ga3cce3a448 (webtiles) character file.

Game seed: 17474969382528292737

459 gelatine the Covered (level 6, -4/48 HPs)
             Began as a Demonspawn Fighter on Dec 19, 2023.
             Killed from afar by Dowan (20 damage)
             ... with a bolt of dispelling energy
             ... on level 4 of the Dungeon.
             The game lasted 00:09:39 (3622 turns).

gelatine the Covered (Demonspawn Fighter)           Turns: 3622, Time: 00:09:40

Health: -4/48      AC:  7    Str: 17    XL:     6   Next: 78%
Magic:  0/8        EV: 10    Int: 10    God:
Gold:   13         SH:  4    Dex: 12    Spells: 6/7 levels left

rFire   . . .        a - +0 war axe
rCold   . . .        c - +0 buckler
rNeg    . . .        n - +0 ring mail
rPois   .            w - +0 helmet
rElec   .            (no cloak)
rCorr   .            (no gloves)
SInv    .            (no boots)
Will    .....        g - amulet of guardian spirit
Stlth   +            u - ring of flight
HPRegen 0.28/turn    (no ring)
MPRegen 0.11/turn

%: guardian spirit
@: flying
A: demonic guardian 1, ignite blood 1, demonic touch 2
a: no special abilities


You were on level 4 of the Dungeon.
You visited 1 branch of the dungeon, and saw 4 of its levels.
You also visited: Sewer.

You collected 146 gold pieces.
You spent 133 gold pieces at shops.

Inventory:

Hand Weapons
 a - a +0 war axe (weapon)
Missiles
 t - 4 curare-tipped darts
Armour
 b - a +0 scale mail
 c - a +0 buckler (worn)
 n - a +0 ring mail (worn)
 w - a +0 helmet (worn)
Jewellery
 g - an amulet of guardian spirit (around neck)
 u - a ring of flight (left hand)
Scrolls
 e - a scroll of silence {unknown}
 h - 3 scrolls of identify {unknown}
 i - 2 scrolls of teleportation {unknown}
 j - a scroll of torment {unknown}
 p - a scroll of blinking {unknown}
 q - a scroll of fog {unknown}
 r - a scroll of noise {unknown}
 s - a scroll of amnesia {unknown}
Potions
 d - a potion of might
 f - a potion of enlightenment {unknown}
 k - 2 potions of haste {unknown}
 l - 2 potions of invisibility {unknown}
 m - a potion of ambrosia {unknown}
 o - 2 potions of heal wounds
 v - a potion of curing


   Skills:
 * Level 4.0 Fighting
 + Level 3.2 Axes
 * Level 4.2 Armour
 * Level 1.3 Dodging
 * Level 3.7 Shields
 * Level 1.3 Spellcasting
 * Level 1.8 Conjurations


You had 6 spell levels left.
You knew the following spells:

 Your Spells              Type           Power      Damage    Failure   Level
a - Magic Dart            Conj           16%        1d3       34%         1

Your spell library contained the following spells:

 Spells                   Type           Power      Damage    Failure   Level
 Call Imp                 Summ           0%         N/A       75%         2
 Mephitic Cloud           Conj/Pois/Air  1%         N/A       87%         3
 Volatile Blastmotes      Fire/Tloc      0%         2d10      92%         3
 Fulminant Prism          Conj/Hex       1%         3d5       99%         4
 Iskenderun's Mystic Bla  Conj/Tloc      2%         2d3       99%         4


Dungeon Overview and Level Annotations

Branches:
Dungeon (4/15)              Sewer (visited)
 Temple: D:4-7

Altars:

Shops:
D:3 =*=!*

Annotations:
D:3 1 runed translucent door, HilariousDeathArtist's ghost, amateur AtMo
D:4 Dowan


Innate Abilities, Weirdness & Mutations

A weak demonic guardian rushes to your aid.
Your demonic aura sometimes causes spilled blood to erupt in flames.
Your touch may inflict irresistible damage on your foes.


Message History

You are no longer glowing.
Magic restored.
HP restored.
The jelly quivers.
There is a stone staircase leading down here.
You fly downwards.
Level annotation: Dowan
There is a stone staircase leading up here.
You see here a potion of curing.
The magic dart hits Dowan but does no damage.
The magic dart hits Dowan.
Dowan is lightly wounded.
Dowan points at you and mumbles some strange words.
You block the stone arrow.
You miscast Magic Dart.
You are very lightly contaminated with residual magic.
Nothing appears to happen.
You hit Dowan but do no damage.
Dowan is lightly wounded.
Dowan zaps a wand.
The bolt of dispelling energy hits you!
A demonic guardian appears!
The bolt of dispelling energy hits your shadow imp!!
Your shadow imp dies!
Your shadow imp disappears in a puff of smoke!
Dowan zaps a wand.
The bolt of dispelling energy hits you!
You closely miss Dowan.
Dowan is lightly wounded.
Dowan zaps a wand.
The bolt of dispelling energy hits you! Dowan hits you but does no damage.
Unknown command.
You slash Dowan!
Dowan is heavily wounded.
You block Dowan's attack.
Dowan mumbles some strange words.
Dowan blinks!
You see here a potion of curing.
Your magical contamination has completely faded away.
Dowan zaps a wand.
The bolt of dispelling energy hits you!!
You die...

.... ..... .... # ...## ....
##..#..### ...# ### #..##....#
...## #.# ### #.....<..#
....###.###.###.##.....##
.........##..#..###.....#
........................# ##
...##.......#...@.).....###.##
......).....#........##......#
....#..<[....!##.....##......##
...####.....e........##.........
..## #..<.....#......##.........
.. ##......e..###...#e........
.. ............##........##..#
.................$.#..# ..#
....................#..# ..


You could see Dowan (fast).

Vanquished Creatures
  Duvessa (D:4)
  A phantom (D:3)
  A kobold brigand (Sewer)
  A scorpion (D:4)
  6 adders
  3 worms
  3 dart slugs
  2 orcs
  6 ball pythons
  2 endoplasms (D:1)
  4 giant cockroaches
  8 goblins
  5 hobgoblins
  5 jackals
  4 quokkas
  4 bats
  9 frilled lizards
  13 kobolds
  11 rats
89 creatures vanquished.

Vanquished Creatures (collateral kills)
  A ball python (Sewer)
1 creature vanquished.

Grand Total: 90 creatures vanquished

Notes
Turn   | Place    | Note
-------+----------+-------------------------------------------
     0 | D:1      | gelatine the Demonspawn Fighter began the quest for the
                  | Orb.
     0 | D:1      | Reached XP level 1. HP: 18/18 MP: 1/1
   150 | D:1      | Gained mutation: A weak demonic guardian rushes to your
                  | aid. [demonic ancestry]
   150 | D:1      | Reached XP level 2. HP: 21/24 MP: 2/2
   363 | D:1      | Learned a level 1 spell: Magic Dart
   497 | D:1      | Discovered your monstrous ancestry.
   497 | D:1      | Gained mutation: Your touch may inflict minor irresistible
                  | damage on your foes. [demonic ancestry]
   497 | D:1      | Reached XP level 3. HP: 14/29 MP: 3/3
  1224 | D:2      | Reached skill level 1 in Conjurations
  1226 | D:2      | Gained mutation: Your touch may inflict irresistible damage
                  | on your foes. [demonic ancestry]
  1226 | D:2      | Reached XP level 4. HP: 20/35 MP: 4/4
  1531 | D:2      | Found a faded altar of an unknown god.
  1822 | D:3      | Found Gizeenox's Distillery.
  1830 | D:3      | Bought a potion of heal wounds for 65 gold pieces
  1840 | D:3      | Found Bysiqidgh's Assorted Antiques.
  1908 | D:3      | Found Cezapori's Jewellery Shoppe.
  1912 | D:3      | Noticed a phantom
  1939 | D:3      | Killed a phantom
  1940 | D:3      | Reached XP level 5. HP: 11/41 MP: 2/6
  2077 | D:3      | Found Uhusot's Jewellery Shop.
  2113 | D:3      | Found Fyneapae's General Store.
  2147 | D:3      | Found a glowing drain.
  2155 | Sewer    | Entered a sewer
  2170 | Sewer    | Reached skill level 1 in Spellcasting
  2350 | Sewer    | Reached skill level 1 in Dodging
  2434 | Sewer    | Gained mutation: Your demonic aura sometimes causes spilled
                  | blood to erupt in flames. [demonic ancestry]
  2434 | Sewer    | Reached XP level 6. HP: 16/48 MP: 3/7
  2911 | D:3      | Found a runed translucent door.
  2911 | D:3      | Noticed HilariousDeathArtist's ghost (amateur AtMo)
  3253 | D:3      | Bought a potion of curing for 39 gold pieces
  3269 | D:3      | Bought a scroll labelled ZAMEFO SISYUMP for 29 gold pieces
  3387 | D:4      | Noticed Duvessa
  3387 | D:4      | Noticed Dowan
  3517 | D:4      | Killed Duvessa
  3622 | D:4      | Killed from afar by Dowan

Illustrated notes

Levels and vault maps discovered:
D:1:      psy_arrival_spokes, layout_basic
D:2:      layout_basic, hellmonk_ecumenical_altar_prayer_group,
          minmay_pentomino_pile
D:3:      layout_loops_ring, serial_shops, shop, shop,
          nicolae_shop_gaudy_bauble, shop, shop,
          mainiacjoe_sewer_entry_somewhere_in_here_2, ebering_ghost_inner_flame,
          serial_bayou_lagoon_a
D:4:      layout_cave_pools, uniq_duvessa

Skill      XL: |  1  2  3  4  5  6 |
---------------+-------------------+-----
Armour         | 3 4 |  4.2
Axes           | 2 3 |  3.2
Shields        | 3 |  3.7
Conjurations   | 1 |  1.8
Spellcasting   | 1 |  1.3
Dodging        | 1 |  1.3
Fighting       | 4 |  4.0

Action                     |  1- 3 |  4- 6 || total
---------------------------+-------+-------++-------
  Melee: War axe           |   122 |   211 ||   333
   Cast: Magic Dart        |       |    10 ||    10
 Armour: Scale mail        |   107 |    23 ||   130
         Ring mail         |       |   104 ||   104
  Dodge: Dodged            |    65 |   108 ||   173
  Block: Buckler           |    31 |    43 ||    74

Table legend: (Time is in decaauts)
 A = Elapsed time spent in this place.
 B = Non-inter-level travel time spent in this place.
 C = Inter-level travel time spent in this place.
 D = Time resting spent in this place.
 E = Time spent auto-exploring this place.
 F = Levels seen in this place.
 G = Mean time per level.
                   A        B        C        D        E       F      G
               +--------+--------+--------+--------+--------+-----+--------+
         Total |   3907 |   3756 |    151 |      0 |   2495 |   5 |  781.4 |
       Dungeon |   3070 |   2919 |    151 |      0 |   2176 |   4 |  767.5 |
         Sewer |    837 |    837 |      0 |      0 |    319 |   1 |  837.0 |
               +--------+--------+--------+--------+--------+-----+--------+

Top non-repeatable levels by time:
     D:3: 1219 daAuts
     D:1: 894 daAuts
   Sewer: 837 daAuts
     D:2: 812 daAuts
     D:4: 144 daAuts
